 Dungeon Crawl Stone Soup version 0.22.1-6-g1668fe2 (webtiles) character file.

1090 Fliddo the Sneak (level 8, 0/54 HPs)
             Began as a Halfling Assassin on Jan 21, 2019.
             Was an Initiate of Dithmenos.
             Slain by a wyvern zombie (2 damage)
             ... on level 6 of the Dungeon.
             The game lasted 00:50:50 (6691 turns).

Fliddo the Sneak (Halfling Assassin)                Turns: 6691, Time: 00:50:51

Health: 0/54       AC:  4    Str: 12    XL:     8   Next: 56%
Magic:  8/8        EV: 16    Int:  9    God:    Dithmenos [......]
Gold:   161        SH:  0    Dex: 18    Spells: 7/7 levels left

rFire    x . .     SeeInvis .   a - +2 dagger
rCold    + . .     Gourm    .   (shield restricted)
rNeg     . . .     Faith    .   l - +0 leather armour
rPois    +         Spirit   .   (no helmet)
rElec    .         Reflect  .   d - +0 cloak
rCorr    .         Harm     .   (no gloves)
MR       .....                  (no boots)
Stlth    ++++......             (no amulet)
HPRegen  0.18/turn              m - ring of poison resistance
MPRegen  0.11/turn              n - ring of ice

@: no status effects
A: small, mutation resistance 1
a: Renounce Religion


You were on level 6 of the Dungeon.
You worshipped Dithmenos.
Dithmenos was noncommittal.
You were not hungry.

You visited 2 branches of the dungeon, and saw 7 of its levels.

You collected 161 gold pieces.

Inventory:

Hand Weapons
 a - a +2 dagger (weapon)
 b - a +0 blowgun
Missiles
 e - 35 poisoned needles
 f - 4 curare-tipped needles
Armour
 d - a +0 cloak (worn)
 l - a +0 leather armour (worn)
Jewellery
 m - a ring of poison resistance (left hand)
 n - a ring of ice (right hand)
 s - an uncursed ring of wizardry {unknown}
Wands
 p - a wand of flame (24)
Scrolls
 h - 4 scrolls of remove curse
 t - 3 scrolls of fog
 u - a scroll of enchant weapon {unknown}
Potions
 c - a potion of resistance
 i - a potion of berserk rage
 j - a potion of cancellation
 k - a potion of magic {unknown}
 o - a potion of mutation
 q - a potion of flight
 r - a potion of degeneration {unknown}
 w - a potion of agility
 x - a potion of might
Comestibles
 g - 4 rations


   Skills:
 + Level 3.9 Fighting
 + Level 5.3 Short Blades
 + Level 4.6 Throwing
 - Level 1.0 Armour
 + Level 4.2 Dodging
 + Level 7.3 Stealth


You had 7 spell levels left.
You didn't know any spells.
Your spell library was empty.

Dungeon Overview and Level Annotations

Branches:
Dungeon (6/15)             Temple (1/1) D:4

Altars:
Ashenzari
Cheibriados
Dithmenos
Elyvilon
Fedhas
Gozag
Hepliaklqana
Kikubaaqudgha
Makhleb
Nemelex Xobeh
Okawaru
Qazlal
Ru
Sif Muna
Trog
Uskayaw
Vehumet
Wu Jian
Xom
Yredelemnul
Zin
The Shining One

Shops:
D:4 %   D:5 (


Innate Abilities, Weirdness & Mutations

You are small and have problems with some larger weapons.
You are somewhat resistant to further mutation.


Message History

The wyvern zombie is severely damaged.
The wyvern zombie completely misses you.
You hit the wyvern zombie.
The wyvern zombie is almost destroyed.
The wyvern zombie bites you!
* * * LOW HITPOINT WARNING * * *
You feel better. The wyvern zombie bites you.
* * * LOW HITPOINT WARNING * * *
You hit the wyvern zombie.
The wyvern zombie is almost destroyed.
The wyvern zombie bites you!
* * * LOW HITPOINT WARNING * * *
Okay, then.
You hit the wyvern zombie but do no damage.
The wyvern zombie is almost destroyed.
The wyvern zombie bites you but does no damage.
You hit the wyvern zombie but do no damage.
The wyvern zombie is almost destroyed.
The wyvern zombie bites you.
You die...

############
##.......##.#
..........#.#
.<.......@..#
........Z.#.#
............#
............#
.........#..#
........##..#
.......###..#
......# #..#
.....# #..#


You could see a wyvern zombie.

Vanquished Creatures
  Sigmund (D:5)
  An ice beast (D:4)
  A phantom (D:4)
  A centaur (D:5)
  An ogre (D:4)
  A scorpion (D:4)
  A water moccasin skeleton (D:2)
  A howler monkey (D:5)
  A crimson imp (D:5)
  A centaur zombie (D:5)
  A gnoll shaman (D:4)
  An orc wizard (D:4)
  4 worker ants
  3 hound skeletons
  5 gnolls (D:4)
  5 adders
  An adder skeleton (D:5)
  A worm (D:2)
  4 dart slugs
  A leopard gecko (D:1)
  10 orcs
  6 giant cockroaches
  5 goblins
  5 hobgoblins
  6 jackals
  14 kobolds
  A quokka (D:2)
  8 bats
  2 frilled lizards (D:1)
  2 quokka skeletons (D:4)
  5 rats
100 creatures vanquished.

Notes
Turn   | Place    | Note
-------+----------+-------------------------------------------
     0 | D:1      | Fliddo the Halfling Assassin began the quest for the Orb.
     0 | D:1      | Reached XP level 1. HP: 14/14 MP: 1/1
   253 | D:1      | Reached XP level 2. HP: 14/19 MP: 2/2
   258 | D:1      | Reached skill level 5 in Stealth
   799 | D:1      | Reached XP level 3. HP: 24/24 MP: 3/3
  1646 | D:2      | Reached XP level 4. HP: 29/29 MP: 4/4
  2182 | D:2      | Reached XP level 5. HP: 26/34 MP: 5/5
  2343 | D:3      | Reached skill level 1 in Armour
  2521 | D:3      | Found a hide-covered altar of Uskayaw.
  2656 | D:3      | Found a faded altar of an unknown god.
  3482 | D:4      | Noticed a phantom
  3675 | D:4      | Found Gibym's Food Shoppe.
  3790 | D:4      | Reached skill level 6 in Stealth
  3790 | D:4      | Reached XP level 6. HP: 40/40 MP: 6/6
  3814 | D:4      | Found a staircase to the Ecumenical Temple.
  3843 | Temple   | Entered the Ecumenical Temple
  4012 | Temple   | Became a worshipper of Dithmenos the Shadowed
  4551 | D:4      | Noticed an ogre
  4552 | D:4      | Found an iron altar of Okawaru.
  4553 | D:4      | Killed an ogre
  4553 | D:4      | Reached XP level 7. HP: 45/45 MP: 7/7
  4648 | D:4      | Found a sparkling altar of Nemelex Xobeh.
  4648 | D:4      | Found a bloodstained altar of Trog.
  4648 | D:4      | Found an ancient bone altar of Kikubaaqudgha.
  4648 | D:4      | Found a snail-covered altar of Cheibriados.
  5302 | D:5      | Entered Level 5 of the Dungeon
  5717 | D:5      | Reached XP level 8. HP: 37/52 MP: 8/8
  5747 | D:5      | Noticed Sigmund
  5876 | D:5      | Killed Sigmund
  5876 | D:5      | Reached skill level 5 in Short Blades
  5876 | D:5      | Reached skill level 7 in Stealth
  6293 | D:5      | Found Zaggu's Weapon Shoppe.
  6689 | D:6      | HP: 2/54 [wyvern zombie (12)]
  6691 | D:6      | Slain by a wyvern zombie

Skill      XL: |  1  2  3  4  5  6  7  8 |
---------------+-------------------------+-----
Stealth        | 5 6 7 |  7.3
Fighting       | 2 3 |  3.9
Short Blades   | 3 4 5 |  5.3
Armour         | 1 |  1.0
Throwing       | 3 4 |  4.6
Dodging        | 2 3 4 |  4.2

Action                   |  1- 3 |  4- 6 |  7- 9 || total
-------------------------+-------+-------+-------++-------
Melee: Dagger            |    52 |   209 |   246 ||   507
 Fire: Blowgun           |    30 |    30 |    13 ||    73
  Use: Scroll            |       |    15 |     3 ||    18
       Potion            |       |     1 |     2 ||     3
 Stab: Sleeping          |     9 |    10 |     2 ||    21
  Eat: Ration            |     1 |     1 |     2 ||     4
       Chunk             |       |     5 |     1 ||     6
Armor: Robe              |     8 |       |       ||     8
       Leather armour    |     3 |    40 |    29 ||    72
Dodge: Dodged            |    35 |   126 |   144 ||   305
